 Dungeon Crawl Stone Soup version 0.18-a0-1514-g6ed9364 (webtiles) character file.

44351 mrath the Thaumaturge (level 14, -5/84 HPs)
             Began as a Gargoyle Earth Elementalist on Mar 5, 2016.
             Was a High Priest of Vehumet.
             Slain by a white ugly thing (33 damage)
             ... on level 14 of the Dungeon on Mar 6, 2016.
             The game lasted 04:18:29 (29167 turns).

mrath the Thaumaturge (GrEE)                       Turns: 29167, Time: 04:18:29

Health: -5/84      AC: 22    Str: 14    XL:     14   Next: 28%
Magic:  18/30      EV: 13    Int: 22    God:    Vehumet [*****.]
Gold:   1176       SH:  4    Dex: 10    Spells: 7 memorised, 18 levels left

rFire  . . .     SeeInvis +     W - staff of energy
rCold  . . .     Gourm    .     Y - +2 ring mail {MR+}
rNeg   + . .     Faith    .     g - +0 buckler (curse)
rPois  ∞         Spirit   .     G - +2 hat {Int+3}
rElec  +         Dismiss  .     s - +0 cloak
rCorr  .         Reflect  .     (no gloves)
SustAt +         Harm     .     (no boots)
MR     ++...                    w - amulet of magic regeneration
Stlth  +.........               b - ring of sustain attributes
                                o - ring of see invisible

@: flying, very resistant to hostile enchantments, very unstealthy
A: big wings, negative energy resistance 1, electricity resistance, unbreathing,
petrification resistance, rot immunity, AC +9
a: Stop Flying, Renounce Religion


You were on level 14 of the Dungeon.
You worshipped Vehumet.
Vehumet was extremely pleased with you.
You were not hungry.

You visited 3 branches of the dungeon, and saw 20 of its levels.

You collected 1176 gold pieces.

Inventory:

Hand Weapons
 k - a +2 rapier of draining
 p - a +0 hunting sling of freezing
 J - a +1 morningstar of venom
 L - a +4 mace
Missiles
 e - 93 sling bullets
 h - 19 javelins (quivered)
 t - 142 stones
 x - 2 needles of confusion
 D - 17 tomahawks
 P - 2 curare-tipped needles
Armour
 g - a cursed +0 buckler (worn)
 s - a +0 cloak (worn)
 G - a +2 hat of intelligence (worn)
 Y - a +2 ring mail of magic resistance (worn)
Magical Staves
 q - an uncursed staff of summoning
 W - an uncursed staff of energy (weapon)
Rods
 X - a -1 rod of inaccuracy (13/13)
   (You took it off an orc on level 9 of the Dungeon)
Jewellery
 b - a ring of sustain attributes (right hand)
 o - a ring of see invisible (left hand)
 w - an amulet of magic regeneration (around neck)
 F - an uncursed ring of positive energy
Wands
 c - a wand of confusion (18/48)
 f - a wand of confusion (19/48)
 i - a wand of heal wounds (4/9)
 B - a wand of flame (12/48)
 E - a wand of iceblast (9/15)
 I - a wand of teleportation (2/9)
 R - a wand of iceblast (10/15)
 V - a wand of lightning (2/15)
Scrolls
 d - 3 scrolls of remove curse
 j - 4 scrolls of identify
 y - 7 scrolls of teleportation
 A - 3 scrolls of blinking
 U - 3 scrolls of amnesia
Potions
 m - a potion of haste
 n - 10 potions of curing
 r - a potion of heal wounds
 u - 7 potions of agility
 v - a potion of magic {unknown}
 O - 2 potions of resistance {unknown}
 Q - a potion of flight {unknown}
 S - 3 potions of might
 T - 2 potions of degeneration {unknown}
Books
 Z - a Fen Folio

   Spells                             Type                      Level
   a - Corpse Rot                     Necromancy                   2
   b - Stone Arrow                    Conjuration/Earth            3
   c - Leda's Liquefaction            Hexes/Earth                  4
   d - Summon Forest                  Summoning/Translocation      5
   e - Hydra Form                     Transmutation                6
   f - Summon Hydra                   Summoning                    7
Miscellaneous
 z - a stone of tremors
 C - a box of beasts
 M - a phantom mirror
Comestibles
 a - a meat ration
 l - 19 fruits
 N - 3 bread rations


   Skills:
 + Level 8.7 Fighting
 + Level 9.0 Armour
 + Level 7.4 Dodging
 - Level 2.1 Stealth
 + Level 2.5 Shields
 * Level 12.0 Spellcasting
 + Level 9.9 Conjurations
   Level 0.7 Transmutations
 + Level 11.6 Earth Magic
 + Level 7.1 Evocations


You had 18 spell levels left.
You knew the following spells:

 Your Spells              Type           Power        Failure   Level  Hunger
a - Sandblast             Erth           ######       1%          1    None
b - Stone Arrow           Conj/Erth      ######       1%          3    None
c - Lee's Rapid Deconstr  Erth           ######....   1%          5    None
d - Magic Dart            Conj           ####         1%          1    None
e - Searing Ray           Conj           ######       1%          2    None
f - Dazzling Spray        Conj/Hex       #####...     1%          3    None
g - Force Lance           Conj/Tloc      #####...     4%          4    None


Dungeon Overview and Level Annotations

Branches:
Dungeon (14/15)            Temple (1/1) D:7            Lair (5/8) D:9
  Swamp (0/4) Lair:3       Spider (0/4) Lair:4          Orc (0/2) D:12
 Vaults: D:13-14

Altars:
Ashenzari
Cheibriados
Dithmenos
Elyvilon
Fedhas
Gozag
Kikubaaqudgha
Makhleb
Nemelex Xobeh
Okawaru
Pakellas
Qazlal
Ru
Sif Muna
Trog
Vehumet
Xom
Yredelemnul
Zin
The Shining One
Lugonu

Shops:
D:6 :   D:11 =*

Annotations:
Lair:5 Snorg


Innate Abilities, Weirdness & Mutations

You are resistant to torment.
Your stone body is resilient (AC +9).
You are immune to poison.
Your large and strong wings let you fly indefinitely.
You resist negative energy.
You are resistant to electric shocks.
You can survive without breathing.
You are immune to petrification.
You are immune to rotting.


Message History

Confirm with . or Enter, or press ? or * to list all spells.
Aiming: Searing Ray
Press: ? - help, Shift-Dir - straight line, f/p - white ugly thing
Aim: a white ugly thing (severely wounded)
The searing ray hits the white ugly thing.
The white ugly thing is almost dead.
The searing ray hits the white ugly thing.
The white ugly thing is almost dead.
The white ugly thing punches you. The white ugly thing freezes you!!
The searing ray hits the white ugly thing.
The white ugly thing is almost dead.
The white ugly thing basks in the mutagenic energy from its kin and changes!
The white ugly thing punches you! The white ugly thing freezes you!
You hit the white ugly thing but do no damage.
The white ugly thing is almost dead.
The white ugly thing completely misses you.
The white ugly thing barely misses you.
There are monsters nearby!
The white ugly thing punches you. The white ugly thing freezes you!!
You die...

###.......##
#... ##..#....##
#.. #.##.##...##
#.#
#.#.⌠.#....###.#
#.##.##.....##u#
##..#........#.#
#...........#u#
#...........u.#
######......@u#
###......#
######.# #..#
##.# .. #.# ##


You could see 4 ugly things.

Vanquished Creatures
  Josephine (D:10)
  3 hydras
  Erolcha (D:13)
  A centaur warrior (D:11)
  A death knight (D:13)
  4 skeletal warriors
  An unseen horror (D:11)
  A phantasmal warrior (D:12)
  An orc knight (D:10)
  3 hill giants
  A wolf spider zombie (D:14)
  5 ugly things
  A deep elf mage (D:10)
  4 cyclopes
  8 elephants
  2 gargoyles
  2 black mambas
  7 spiny frogs
  An efreet (D:13)
  A freezing wraith (D:13)
  6 komodo dragons
  2 trolls (shapeshifter) (D:13)
  A two-headed ogre (D:12)
  4 blink frogs (Lair:1)
  A giant leech (Lair:3)
  Grinder (D:3)
  7 slime creatures
  18 yaks
  4 wraiths
  A wyvern (D:9)
  A shadow (D:13)
  2 hungry ghosts
  5 basilisks
  6 hippogriffs
  4 vampire mosquitoes
  9 wolves
  3 wargs (D:9)
  6 porcupines
  11 water moccasins
  3 sky beasts
  A black bear (D:9)
  6 orc warriors
  An eye of draining (D:8)
  2 ice beasts
  8 ogres
  13 centaurs
  5 crocodiles
  A wyvern zombie (D:13)
  20 giant frogs
  7 scorpions
  14 killer bees
  4 electric eels
  4 howler monkeys
  2 giant frog zombies
  6 crimson imps
  3 quasits
  3 centaur zombies
  9 orc priests
  9 hounds
  3 jellies
  5 centaur skeletons
  3 giant frog skeletons
  8 iguanas
  Natasha (thrice) (D:2)
  17 worker ants
  9 orc wizards
  19 sheep
  A hound zombie (D:7)
  A hound skeleton (D:5)
  A howler monkey zombie (D:5)
  A worker ant zombie (D:11)
  11 adders
  A howler monkey skeleton (D:10)
  41 river rats
  4 shadow imps
  An ooze (D:4)
  An adder zombie (D:8)
  An adder skeleton (D:8)
  3 worms
  4 giant geckos
  55 orcs
  4 ball pythons
  A bat zombie (D:2)
  5 giant cockroaches
  7 goblins
  16 hobgoblins
  16 jackals
  2 quokkas
  8 bats
  A giant gecko zombie (D:5)
  6 giant newts
  A jackal skeleton (D:4)
  12 kobolds
  12 rats
546 creatures vanquished.

Vanquished Creatures (others)
  A wyvern zombie (D:7)
  A worker ant (D:7)
  An orc (D:7)
  A goblin (D:1)
  3 fungi
  2 plants (Lair:2)
9 creatures vanquished.

Grand Total: 555 creatures vanquished

Notes
Turn   | Place    | Note
--------------------------------------------------------------
     0 | D:1      | mrath the Gargoyle Earth Elementalist began the quest for the Orb.
     0 | D:1      | Reached XP level 1. HP: 10/10 MP: 3/3
   262 | D:1      | Reached XP level 2. HP: 15/15 MP: 1/5
   767 | D:1      | Reached XP level 3. HP: 15/19 MP: 0/7
  1358 | D:2      | Reached skill level 3 in Spellcasting
  1667 | D:2      | Noticed Natasha
  1673 | D:2      | Killed Natasha
  1673 | D:2      | Reached XP level 4. HP: 16/24 MP: 5/9
  1741 | D:2      | Noticed Natasha
  1826 | D:2      | Killed Natasha
  1826 | D:2      | Reached skill level 5 in Earth Magic
  1866 | D:2      | Reached XP level 5. HP: 23/28 MP: 10/10
  1997 | D:2      | Noticed Natasha
  2005 | D:2      | Killed Natasha
  2005 | D:2      | Reached skill level 4 in Spellcasting
  2346 | D:2      | Found an ancient bone altar of Kikubaaqudgha.
  2651 | D:2      | Learned a level 3 spell: Stone Arrow
  2671 | D:3      | Noticed Grinder
  3108 | D:3      | Paralysed by Grinder for 7 turns
  3117 | D:3      | Killed Grinder
  3117 | D:3      | Reached skill level 5 in Spellcasting
  3117 | D:3      | Reached XP level 6. HP: 32/32 MP: 5/13
  3717 | D:3      | Reached XP level 7. HP: 36/36 MP: 10/14
  3899 | D:4      | Found a deep blue altar of Sif Muna.
  4010 | D:4      | Learned a level 5 spell: Lee's Rapid Deconstruction
  4133 | D:4      | Found a sacrificial altar of Ru.
  4664 | D:4      | Reached skill level 1 in Armour
  5050 | D:5      | Entered Level 5 of the Dungeon
  5154 | D:5      | Found a glowing silver altar of Zin.
  5182 | D:5      | Found a snail-covered altar of Cheibriados.
  5201 | D:5      | Reached skill level 1 in Fighting
  5201 | D:5      | Reached skill level 1 in Evocations
  5201 | D:5      | Reached XP level 8. HP: 28/43 MP: 11/16
  5394 | D:5      | Reached skill level 6 in Spellcasting
  5738 | D:5      | Found a stormy altar of Qazlal.
  5951 | D:5      | Found a bloodstained altar of Trog.
  6729 | D:6      | Found a shattered altar of Ashenzari.
  6837 | D:6      | Found Etiyb's Book Emporium.
  7031 | D:6      | Reached XP level 9. HP: 49/49 MP: 16/19
  7506 | D:7      | Reached skill level 7 in Spellcasting
  7595 | D:7      | Found a staircase to the Ecumenical Temple.
  7604 | Temple   | Entered the Ecumenical Temple
  7703 | D:7      | Found a burning altar of Makhleb.
  7704 | D:7      | Found a radiant altar of Vehumet.
  7711 | D:7      | Became a worshipper of Vehumet
  7849 | D:7      | Found an opulent altar of Gozag.
  8789 | D:8      | Reached * piety under Vehumet
  8789 | D:8      | Offered knowledge of Magic Dart by Vehumet.
  8896 | D:8      | Learned a level 1 spell: Magic Dart
  8923 | D:8      | Found a sand-covered staircase.
  8968 | D:8      | Reached skill level 5 in Conjurations
  9194 | D:8      | Found a white marble altar of Elyvilon.
  9408 | D:8      | Reached XP level 10. HP: 56/56 MP: 11/21
 10165 | D:9      | Found a shadowy altar of Dithmenos.
 10303 | D:9      | Reached skill level 8 in Spellcasting
 10324 | D:9      | Found an iron altar of Okawaru.
 10452 | D:9      | Upgraded the game from 0.18-a0-1497-g788d838 to 0.18-a0-1507-g69458e0
 10476 | D:9      | Found an oddly glowing altar of Pakellas.
 10671 | D:9      | Offered knowledge of Searing Ray by Vehumet.
 10675 | D:9      | Learned a level 2 spell: Searing Ray
 10805 | D:9      | Reached ** piety under Vehumet
 11092 | D:9      | Reached skill level 5 in Armour
 11213 | D:9      | Found a staircase to the Lair.
 11466 | D:9      | Identified a -1 rod of inaccuracy (13/13) (You took it off an orc on level 9 of the Dungeon)
 11508 | Lair:1   | Entered Level 1 of the Lair of Beasts
 12396 | Lair:1   | Reached skill level 5 in Fighting
 12486 | Lair:1   | Reached XP level 11. HP: 63/63 MP: 7/23
 12606 | Lair:1   | Offered knowledge of Throw Frost by Vehumet.
 12692 | Lair:1   | Reached skill level 9 in Spellcasting
 13586 | Lair:1   | Reached *** piety under Vehumet
 14262 | Lair:2   | Noticed a seven-headed hydra
 14494 | Lair:1   | Reached skill level 5 in Dodging
 14679 | Lair:2   | Reached skill level 5 in Evocations
 14685 | Lair:2   | Offered knowledge of Dazzling Spray by Vehumet.
 15250 | Lair:1   | Learned a level 3 spell: Dazzling Spray
 16708 | Lair:2   | Reached XP level 12. HP: 50/70 MP: 9/25
 16743 | Lair:2   | Reached skill level 10 in Spellcasting
 16959 | Lair:2   | Killed a seven-headed hydra
 17819 | Lair:3   | Reached **** piety under Vehumet
 17903 | Lair:3   | Offered knowledge of Iskenderun's Battlesphere by Vehumet.
 17996 | Lair:3   | Upgraded the game from 0.18-a0-1507-g69458e0 to 0.18-a0-1514-g6ed9364
 18040 | Lair:3   | Reached skill level 10 in Earth Magic
 18955 | Lair:3   | Found a staircase to the Swamp.
 20434 | Lair:4   | Found a hole to the Spider Nest.
 20459 | Lair:4   | Noticed a seven-headed hydra
 20749 | Lair:4   | Reached ***** piety under Vehumet
 20926 | Lair:5   | Found a burning altar of Makhleb.
 20926 | Lair:5   | Noticed Snorg
 20951 | Lair:5   | Offered knowledge of Ozocubu's Refrigeration by Vehumet.
 21362 | Lair:5   | HP: 2/72 [yak (8)]
 21363 | Lair:5   | Noticed an eight-headed hydra
 21939 | D:10     | Entered Level 10 of the Dungeon
 22118 | D:10     | Noticed Josephine
 22552 | D:10     | Killed Josephine
 22552 | D:10     | Reached XP level 13. HP: 69/76 MP: 19/27
 22746 | D:10     | Found a sparkling altar of Nemelex Xobeh.
 23228 | D:11     | Found Tonesch's General Store.
 23292 | D:11     | Reached skill level 11 in Spellcasting
 24323 | D:11     | Found Lerog's Jewellery Shop.
 24395 | D:11     | Got a pitted chain mail
 24433 | D:11     | Identified the cursed +1 chain mail of the Stars {rF- rN+ Dex+6 Stlth+} (You took it off a hobgoblin on level 11 of the Dungeon)
 26135 | D:12     | Found a staircase to the Orcish Mines.
 26384 | D:11     | Offered knowledge of Force Lance by Vehumet.
 26595 | D:11     | Learned a level 4 spell: Force Lance
 27506 | D:12     | Reached skill level 1 in Shields
 27839 | D:13     | Gained mutation: Your large and strong wings let you fly indefinitely. [Gargoyle growth]
 27839 | D:13     | Reached XP level 14. HP: 55/84 MP: 5/29
 28344 | D:13     | Noticed Erolcha
 28358 | D:13     | Killed Erolcha
 28670 | D:13     | Reached skill level 12 in Spellcasting
 29167 | D:14     | Slain by a white ugly thing

Vault maps used:
D:1:      saegor_arrival_miasma, minmay_misc_feat_roman
D:2:      lemuel_zombie_altar_kikubaaqudgha, guppyfry_early_lair_pool,
          uniq_natasha
D:3:      minmay_door_path, first_bread, uniq_grinder
D:4:      nicolae_overflow_hidden_temple, nicolae_overflow_crystal_walls
D:5:      lemuel_coloured_pillars_altar, overflow_temple_1_default,
          lightli_temple_of_fire, basic_altar, item_on_display_a
D:6:      overflow_temple_1_default, serial_shops, nicolae_shop_statue_plus
D:7:      grunt_temple_overflow_lords_of_destruction, grunt_gozag_breadcrumbs,
          lemuel_temple_firewalk_marked, hangedman_decor_peaks_small,
          water_boxes_lemuel
D:8:      elyvilon_altar_3, nicolae_ossuary_entry_monument, grunt_ogre_cave
D:9:      okawaru_gym_becter, old_standard_altar, erik_lair_orcish_takeover,
          grunt_pakellas_basics
D:10:     nemelex_xobeh_ov_fountains_minmay, uniq_josephine
D:11:     cheibrodos_orc_bank, serial_shops, shop, shop_fountains
D:12:     item_on_display_a
D:13:     uniq_erolcha
D:14:     lightli_vaults_fourway_checkpoint, grunt_decor_one_mirror, uniq_rupert
Temple:   corrupted_temple
Lair:1:   infiniplex_staircase_pool_2
Lair:3:   minmay_swamp_entry_worms, kennysheep_basilisk_garden,
          grunt_megastairs_5, serial_bayou_shore_b, infiniplex_staircase_pool,
          serial_bayou_shore_a
Lair:4:   nicolae_spider_entry_non_spiders, nicolae_volcano_entry_two_sided
Lair:5:   basic_altar, kennysheep_catoblepas_arena, grunt_megastairs_1,
          uniq_snorg

Skill      XL: |  1  2  3  4  5  6  7  8  9 10 11 12 13 14 |
---------------+-------------------------------------------+-----
Earth Magic    | 4 5 6 7 8 9 10 11 | 11.6
Spellcasting   | 3 5 6 7 8 9 10 11 12 | 12.0
Conjurations   | 2 4 5 6 7 8 9 |  9.9
Armour         | 1 2 4 5 6 7 8 9 |  9.0
Fighting       | 1 2 3 5 6 7 8 |  8.7
Dodging        | 2 3 4 5 6 7 |  7.4
Evocations     | 1 2 3 4 5 6 7 |  7.1
Shields        | 1 2 |  2.5
Stealth        | |  2.1
Transmutations | |  0.7

Action                   |  1- 3 |  4- 6 |  7- 9 | 10-12 | 13-15 || total
-------------------------+-------+-------+-------+-------+-------++-------
Melee: Short sword       |    54 |    16 |       |    14 |     3 ||    87
       Flail             |       |    13 |    16 |       |       ||    29
       Morningstar       |       |       |       |       |     3 ||     3
       Staff             |       |       |       |       |     1 ||     1
 Fire: Hunting sling     |       |     4 |    65 |    98 |    39 ||   206
Throw: Javelin           |     2 |       |    14 |     2 |       ||    18
 Cast: Sandblast         |    55 |    55 |   212 |    23 |     8 ||   353
       Stone Arrow       |       |       |    18 |   424 |   246 ||   688
       Searing Ray       |       |       |       |    37 |    16 ||    53
       Magic Dart        |       |       |       |    11 |       ||    11
       Dazzling Spray    |       |       |       |    11 |    12 ||    23
       Lee's Rapid Decon |       |       |       |     6 |    47 ||    53
       Force Lance       |       |       |       |       |     8 ||     8
 Abil: Fly               |       |       |       |       |     1 ||     1
Evoke: Wand              |       |       |       |     4 |     2 ||     6
       Rod               |       |       |       |     1 |       ||     1
  Use: Scroll            |       |     3 |     5 |     7 |     4 ||    19
       Potion            |       |       |       |     4 |     1 ||     5
  Eat: Chunk             |     3 |     6 |    15 |    29 |    21 ||    74
       Beef jerky        |       |       |     1 |     1 |     1 ||     3
       Fruit             |       |       |     1 |     5 |       ||     6
       Royal jelly       |       |       |       |     2 |       ||     2
       Pizza             |       |       |       |     1 |     3 ||     4
